[Event "21th Rochefort Chess Festival - Masters"]
[Site "Rochefort, France"]
[Date "2023.02.11"]
[Round "1.2"]
[White "Astolfi, Frederic"]
[Black "Harsha Bharathakoti"]
[Result "0-1"]
[TimeControl "1h30 + [30'']"]
[WhiteElo "2091"]
[BlackElo "2599"]

1. d4 Nf6 2. c4 e6 3. Nc3 Bb4 4. f3 c5 5. d5 b5 6. e4 d6 7. cxb5 exd5 8. exd5 O-O 9. Nge2 Re8 10.
Kf2 Nbd7 11. a3 Ba5 12. g3 Ne5 13. Bf4 Bf5 14. Bxe5 Rxe5 15. h4 Qe7 16. Qa4 Bb6 17. Qc4 Bd3 18.
Qa2 c4+ 19. Kg2 Bxe2 20. Nxe2 Rxe2+ 21. Kh3 Qd7+ 22. g4 Re3 23. Kg2 Rxf3 24. Qxc4 Rf2+ 25. Kg3 Re8 0-1

[Event "21th Rochefort Chess Festival - Masters"]
[Site "Rochefort, France"]
[Date "2023.02.11"]
[Round "1.1"]
[White "Sasikiran, Krishnan"]
[Black "Milanovic, Dino"]
[Result "1-0"]
[TimeControl "1h30 + [30'']"]
[WhiteElo "2619"]
[BlackElo "2093"]

1. d4 d5 2. c4 c6 3. Nf3 Nf6 4. Nc3 dxc4 5. a4 Bf5 6. Ne5 Nbd7 7. Nxc4 Nb6 8. Ne5 a5 9. g3 e6 10.
Bg2 Nfd7 11. e4 Bg6 12. Nxg6 hxg6 13. e5 Nd5 14. O-O Nb4 15. Qe2 Nb6 16. Rd1 N6d5 17. Ne4 Qc7 18. Bg5 Qb6 19.
h4 Rc8 20. Ra3 Rc7 21. Bh3 Qa6 22. Qd2 Rd7 23. Rf3 Nb6 24. b3 N4d5 25. Qc2 Nb4 26. Qb2 c5 27. Bf1 Qa7 28. Bb5 Nc6 29.
Rfd3 Nxd4 30. Rxd4 cxd4 31. Qxd4 1-0

[Event "21th Rochefort Chess Festival - Masters"]
[Site "Rochefort, France"]
[Date "2023.02.11"]
[Round "1.4"]
[White "Nagare Akhilesh"]
[Black "Nikolov, Momchil"]
[Result "0-1"]
[TimeControl "1h30 + [30'']"]
[WhiteElo "2086"]
[BlackElo "2480"]

1. c4 c5 2. Nf3 Nf6 3. Nc3 d5 4. cxd5 Nxd5 5. e3 e6 6. Bc4 Nc6 7. a3 Be7 8. O-O O-O 9. Qe2 Nb6 10.
Ba2 e5 11. h3 Qd6 12. d3 Qg6 13. Kh2 Be6 14. Bxe6 Qxe6 15. e4 Nd4 16. Qd1 Rfd8 17. Nxd4 exd4 18. Ne2 c4 19. f4 Rac8 20.
Ng3 cxd3 21. f5 Qc6 22. Qg4 Nc4 23. Nh5 g6 24. Bh6 Ne3 25. Bxe3 dxe3 26. e5 e2 27. e6 exf1=N+ 28.
Rxf1 Qc4 29. Nf4 Bd6 30. e7 Bxe7 31. fxg6 hxg6 32. Rc1 Qxc1 33. Nxg6 Bd6+ 0-1

[Event "21th Rochefort Chess Festival - Masters"]
[Site "Rochefort, France"]
[Date "2023.02.11"]
[Round "1.3"]
[White "Ghosh, Diptayan"]
[Black "Greget, Mathias"]
[Result "1-0"]
[TimeControl "1h30 + [30'']"]
[WhiteElo "2553"]
[BlackElo "2090"]

1. Nf3 d5 2. c4 e6 3. g3 Nf6 4. Bg2 Be7 5. O-O O-O 6. d4 c6 7. Qc2 b6 8. Rd1 Ba6 9. b3 Nbd7 10.
Nbd2 c5 11. e4 cxd4 12. exd5 exd5 13. Nxd4 Rc8 14. Bb2 Re8 15. Qf5 dxc4 16. Nc6 Qc7 17. Nxc4 Bxc4 18. bxc4 Bf8 19. Re1 Rxe1+ 20. Rxe1 Re8 21. Rxe8 Nxe8 22. h4 Nc5 23. Bd5 g6 24. Qf3 Bg7 25. Bc1 Qd7 26. h5 Nc7 27. h6 Ba1 28. Bg5 Ne8 29.
Ne7+ 1-0



[ePGN "0.1;DGT LiveChess/2.2.5"]

[Event "21th Rochefort Chess Festival - Masters"]
[Site "Rochefort, France"]
[Date "2023.02.12"]
[Round "2.5"]
[White "Deshpande, Aniruddha"]
[Black "Ghazarian, Kirk"]
[Result "0-1"]
[TimeControl "1h30 + [30'']"]
[WhiteElo "2204"]
[BlackElo "2471"]

1. d4 d5 2. c4 c6 3. Nf3 Nf6 4. Qb3 e6 5. g3 Be7 6. Bg2 O-O 7. O-O Nbd7 8. Rd1 a5 9. Nc3 a4 10.
Nxa4 dxc4 11. Qc2 Nd5 12. Nc3 b5 13. Bf4 Bb7 14. Ne4 Nxf4 15. gxf4 Qc7 16. Ne5 Nxe5 17. dxe5 Rfd8 18. a3 c5 19.
Rxd8+ Rxd8 20. a4 Qa5 21. Nf6+ gxf6 22. Bxb7 bxa4 23. Kh1 f5 24. Qc3 Qxc3 25. bxc3 Rd2 26. Rxa4 Rxe2 27. f3 Bh4 28.
Bc6 Bf2 29. Ra7 Kf8 30. Ra8+ Kg7 31. Ra7 Be3 32. Be8 Bxf4 33. Bxf7 Bxe5 34. Bxe6+ Kf6 35. Bxc4 Rxh2+ 36. Kg1 Rh4 37.
Bg8 h5 38. c4 Rd4 39. Bd5 h4 40. Rf7+ Kg6 41. Re7 Bf4 42. Re1 h3 43. Kh1 Rd2 44. Rg1+ Kf6 45. Rg8 h2 46. Rf8+ Ke7 0-1

[Event "21th Rochefort Chess Festival - Masters"]
[Site "Rochefort, France"]
[Date "2023.02.12"]
[Round "2.1"]
[White "Rakhmangulova, Anastasiya"]
[Black "Sasikiran, Krishnan"]
[Result "0-1"]
[TimeControl "1h30 + [30'']"]
[WhiteElo "2275"]
[BlackElo "2619"]

1. e4 e5 2. Nf3 Nc6 3. d4 exd4 4. Nxd4 Bc5 5. Nb3 Bb6 6. Nc3 Nf6 7. Qe2 d6 8. Be3 Be6 9. O-O-O Qe7 10.
f3 O-O-O 11. Bxb6 axb6 12. Nd4 Kb8 13. Nxe6 fxe6 14. Qf2 d5 15. Bd3 d4 16. Ne2 e5 17. Qh4 Nb4 18. a3 Nxd3+ 19. cxd3 Qe6 20. Kb1 Nd7 21. f4 Nc5 22. fxe5 Qxe5 23. Qg3 Qxg3 24. Nxg3 g6 25. Rhf1 Nd7 26. Rf7 Ne5 27. Re7 Rde8 28.
Rxe8+ Rxe8 29. h3 c5 30. a4 h5 31. h4 Rf8 32. Kc2 Rf2+ 33. Rd2 Rf4 34. Ne2 Rxh4 35. g3 Rg4 36. b3 h4 37.
gxh4 Rxh4 38. Nc1 Ng4 39. b4 Kc7 40. Kb3 Rh1 41. Na2 Ne5 42. Kc2 g5 0-1

[Event "21th Rochefort Chess Festival - Masters"]
[Site "Rochefort, France"]
[Date "2023.02.12"]
[Round "2.2"]
[White "Harsha Bharathakoti"]
[Black "Joly, Julien"]
[Result "1-0"]
[TimeControl "1h30 + [30'']"]
[WhiteElo "2599"]
[BlackElo "2259"]

1. d4 d6 2. e4 Nf6 3. Nc3 Nbd7 4. Nf3 e5 5. Rg1 c6 6. a3 Be7 7. g4 h6 8. Be3 Qc7 9. h4 exd4 10.
Nxd4 Ne5 11. Be2 Qd7 12. Nf5 g6 13. Nxe7 Qxe7 14. g5 hxg5 15. Bxg5 Ned7 16. Qd2 Kd8 17. f4 Kc7 18. O-O-O Qf8 19.
e5 Ne8 20. exd6+ Qxd6 21. Nb5+ cxb5 22. Qc3+ Qc6 23. Qxh8 Nc5 24. Bd8+ Kb8 25. Qe5+ Nc7 26. Rd6 Nb3+ 27. Kb1 Qc5 28.
Bxc7+ Qxc7 29. cxb3 Bf5+ 30. Ka2 1-0

[Event "21th Rochefort Chess Festival - Masters"]
[Site "Rochefort, France"]
[Date "2023.02.12"]
[Round "2.3"]
[White "Roselle, Tristan"]
[Black "Ghosh, Diptayan"]
[Result "0-1"]
[TimeControl "1h30 + [30'']"]
[WhiteElo "2241"]
[BlackElo "2553"]

1. e4 e5 2. Nf3 Nc6 3. d4 exd4 4. Bc4 d6 5. Nxd4 Nf6 6. Nc3 Be7 7. O-O O-O 8. Bf4 Ne5 9. Be2 Re8 10.
Re1 Bf8 11. Bg3 c6 12. a4 a5 13. Qd2 Ng6 14. Qd3 Qb6 15. Kh1 Qb4 16. f4 Bg4 17. Bxg4 Nxg4 18. h3 Nf6 19. Bh2 Rad8 20.
Rad1 Ne5 21. fxe5 dxe5 22. Nxc6 Rxd3 23. Nxb4 Rxd1 24. Nxd1 Bxb4 25. Re2 Bc5 26. Bg1 Nh5 27. Kh2 Bxg1+ 28. Kxg1 Rd8 29. Nc3 Nf4 30. Rf2 Rd4 31. Kf1 h5 32. h4 f6 33. Ke1 Kf7 34. g3 Ne6 35. Rd2 g5 36. Rxd4 Nxd4 37.
hxg5 fxg5 38. Kd2 h4 39. gxh4 gxh4 40. Ke3 Ke6 41. Nd5 Nxc2+ 42. Kf3 Ne1+ 43. Kg4 Nd3 44. Kxh4 Nxb2 45. Nb6 Kd6 46.
Kg5 Kc6 47. Nd5 Nxa4 48. Kf6 Nb6 49. Ke6 Nc4 0-1

[Event "21th Rochefort Chess Festival - Masters"]
[Site "Rochefort, France"]
[Date "2023.02.12"]
[Round "2.4"]
[White "Nikolov, Momchil"]
[Black "Durand-Le Ludec, Brendan-Budok"]
[Result "1/2-1/2"]
[TimeControl "1h30 + [30'']"]
[WhiteElo "2480"]
[BlackElo "2247"]

1. d4 Nf6 2. c4 c5 3. d5 b5 4. cxb5 a6 5. bxa6 g6 6. Nc3 Bg7 7. Nf3 O-O 8. e4 Qa5 9. Nd2 Bxa6 10.
Bxa6 Qxa6 11. a4 e6 12. Nb5 exd5 13. Nc7 Qb7 14. Nxa8 dxe4 15. a5 Qxa8 16. Nc4 Qa6 17. Qe2 d5 18.
Nb6 c4 19. O-O Nbd7 20. Be3 Qb5 21. Nxd7 Nxd7 22. Rfd1 Ne5 23. b3 Nd3 24. bxc4 dxc4 25. Ra2 Ra8 26. Bb6 f5 27. Qc2 c3 28.
Rb1 Nb2 29. g3 Qd3 30. Qb3+ Kh8 31. Rc1 f4 32. a6 e3 33. fxe3 fxe3 34. Qe6 Bd4 35. Qd5 Bxb6 36. Qxa8+ Kg7 37.
Qb7+ Kh6 38. Qxb6 Qd2 39. Rf1 e2 40. Raa1 Nd1 41. a7 Qd3 42. Re1 Qd2 43. Qf2 Nxf2 44. Kxf2 Qd4+ 45. Kxe2 Qe4+ 46.
Kf2 Qf5+ 47. Ke3 Qe5+ 48. Kf3 Qf5+ 49. Kg2 Qd5+ 50. Kg1 Qc5+ 51. Kf1 Qf5+ 52. Ke2 Qe4+ 53. Kf2 Qf5+ 54. Ke3 Qe5+ 55.
Kd3 Qd5+ 56. Kc2 Qf5+ 57. Kxc3 Qc5+ 58. Kd3 Qd5+ 59. Ke2 Qe4+ 60. Kf1 Qf5+ 61. Kg1 1/2-1/2



[ePGN "0.1;DGT LiveChess/2.2.5"]

[Event "21th Rochefort Chess Festival - Masters"]
[Site "Rochefort, France"]
[Date "2023.02.12"]
[Round "3.1"]
[White "Sasikiran, Krishnan"]
[Black "Ternault, Mathieu"]
[Result "1/2-1/2"]
[TimeControl "1h30 + [30'']"]
[WhiteElo "2619"]
[BlackElo "2361"]

1. d4 e6 2. c4 b6 3. e4 Bb4+ 4. Bd2 Bxd2+ 5. Nxd2 d5 6. Ngf3 dxe4 7. Nxe4 Bb7 8. Bd3 Nf6 9. Nc3 O-O 10.
O-O c5 11. dxc5 bxc5 12. Qe2 Nbd7 13. Rad1 Qb6 14. Ng5 h6 15. Nge4 Bxe4 16. Bxe4 Rad8 17. Bf3 Nb8 18. b3 Rxd1 19.
Rxd1 Rd8 20. Na4 Rxd1+ 21. Qxd1 Qc7 22. g3 Nbd7 23. Qd2 Kf8 24. Kg2 Ke7 25. Qe3 Qd6 26. h3 g5 27. a3 Qc7 28.
Kf1 Qd6 29. Ke2 Qc7 30. Kd1 Qd6+ 31. Ke2 Qc7 32. Kd1 Qd6+ 1/2-1/2

[Event "21th Rochefort Chess Festival - Masters"]
[Site "Rochefort, France"]
[Date "2023.02.12"]
[Round "3.3"]
[White "Ghosh, Diptayan"]
[Black "Hutois, Mickael"]
[Result "1-0"]
[TimeControl "1h30 + [30'']"]
[WhiteElo "2553"]
[BlackElo "2285"]

1. Nf3 Nf6 2. c4 e6 3. g3 b6 4. Bg2 Bb7 5. O-O c5 6. Nc3 Nc6 7. e3 Be7 8. d4 d5 9. cxd5 exd5 10.
b3 O-O 11. Bb2 Qd7 12. Ne5 Qe6 13. Ne2 Rfd8 14. Nf4 Qd6 15. Rc1 Rac8 16. Re1 Ne4 17. dxc5 bxc5 18. Qxd5 Qxd5 19. Nxd5 Rxd5 20.
Bxe4 Rd2 21. Nc4 Rdd8 22. Red1 Ba6 23. Rxd8+ Nxd8 24. Rd1 Ne6 25. Rd7 Rc7 26. Rxc7 Nxc7 27. Be5 1-0

[Event "21th Rochefort Chess Festival - Masters"]
[Site "Rochefort, France"]
[Date "2023.02.12"]
[Round "3.4"]
[White "Ghazarian, Kirk"]
[Black "Mirimanian, Hayk"]
[Result "1-0"]
[TimeControl "1h30 + [30'']"]
[WhiteElo "2471"]
[BlackElo "2281"]

1. c4 e5 2. Nc3 Nf6 3. Nf3 Nc6 4. e3 Bb4 5. Qc2 d6 6. Nd5 Bc5 7. a3 a5 8. b3 O-O 9. Bb2 Nxd5 10.
cxd5 Ne7 11. Nxe5 Nxd5 12. Nf3 Qe7 13. Bd3 h6 14. O-O c6 15. Rfe1 Nf6 16. h3 Re8 17. e4 Nh5 18. Bf1 Bb6 19.
d4 Bd7 20. Qc3 Qf6 21. g3 Rac8 22. Bg2 c5 23. Qd2 Qe6 24. g4 Nf6 25. d5 Qe7 26. e5 dxe5 27. Nxe5 Qd8 28. d6 a4 29.
Nxd7 Rxe1+ 30. Rxe1 Nxd7 31. b4 cxb4 32. axb4 Nf6 33. Re7 Ne8 34. d7 1-0

[Event "21th Rochefort Chess Festival - Masters"]
[Site "Rochefort, France"]
[Date "2023.02.12"]
[Round "3.5"]
[White "Priyanka Nutakki"]
[Black "Sochacki, Christophe"]
[Result "1/2-1/2"]
[WhiteElo "2302"]
[BlackElo "2444"]
[PlyCount "82"]
[EventDate "2023.??.??"]
[TimeControl "1"]
[WhiteClock "0:29:53"]
[BlackClock "0:38:04"]

1. d4 Nf6 2. c4 e6 3. Nf3 d5 4. Nc3 c6 5. e3 Nbd7 6. Be2 dxc4 7. a4 c5 8.
Bxc4 cxd4 9. Nxd4 Bc5 10. O-O O-O 11. Nb3 Bb4 12. Bd2 b6 13.
Nb5 Bxd2 14. Qxd2 Ne5 15. Qxd8 Rxd8 16. Be2 Bb7 17. a5 Bd5 18.
N3d4 Nc6 19. Nxc6 Bxc6 20. Nd4 Bd5 21. a6 e5 22. Nb5 Bc6 23.
Rac1 Bxb5 24. Bxb5 Rac8 25. Bc6 Kf8 26. h3 Ke7 27. g4 Rd2 28.
b4 h6 29. Rc4 Ne8 30. b5 Rb2 31. Rcc1 Nd6 32. Rb1 Rc2 33. Rfd1 Rc5 34. Rb3 Rc7 35. Kg2 g6 36. Rbd3 Nxb5 37. Rd7+ Rxd7 38. Rxd7+ Ke6 39. Bxb5 Rxb5 40. Rxa7 Ra5 41. Ra8 Kf6 1/2-1/2

[Event "21th Rochefort Chess Festival - Masters"]
[Site "Rochefort, France"]
[Date "2023.02.12"]
[Round "3.2"]
[White "Dalaud, Dorian"]
[Black "Harsha Bharathakoti"]
[Result "0-1"]
[TimeControl "1h30 + [30'']"]
[WhiteElo "2343"]
[BlackElo "2599"]

1. e4 e6 2. d4 d5 3. e5 c5 4. c3 Nc6 5. Nf3 Bd7 6. Be2 Nge7 7. Na3 Nf5 8. Nc2 cxd4 9. cxd4 f6 10.
O-O fxe5 11. dxe5 Be7 12. Ncd4 O-O 13. Nxc6 bxc6 14. g4 Nh6 15. h3 Rb8 16. b3 Nf7 17. Qc2 c5 18. Bd3 h6 19.
Be2 Bb5 20. Bxb5 Rxb5 21. Qg6 Rb6 22. Kg2 Nh8 23. Qc2 Qe8 24. Ne1 Ng6 25. f4 Rb4 26. Nd3 Re4 27. Kh1 Qb5 28. Bd2 Rd4 29.
Rf3 Nh4 30. Rg3 c4 31. Nf2 cxb3 32. Qc3 b2 33. Rb1 Rb4 34. Qc7 Qe2 35. Qxe7 Qxd2 36. Qxh4 Qxf2 37. Qe7 Qxg3 38. Qxb4 Qxh3+ 39. Kg1 Qxg4+ 40. Kh1 Qh5+ 0-1



[ePGN "0.1;DGT LiveChess/2.2.5"]

[Event "21th Rochefort Chess Festival - Masters"]
[Site "Rochefort, France"]
[Date "2023.02.13"]
[Round "4.4"]
[White "Maksimenko, Andrei"]
[Black "Viani Antonio Dcunha"]
[Result "1-0"]
[TimeControl "1h30 + [30'']"]
[WhiteElo "2426"]
[BlackElo "2377"]

1. d4 Nf6 2. Nc3 d5 3. Bf4 g6 4. e3 Bg7 5. h4 h5 6. Nf3 O-O 7. Be2 c5 8. O-O cxd4 9. exd4 Nc6 10.
Ne5 Bf5 11. a3 Rc8 12. Re1 Ne4 13. Nxe4 dxe4 14. Nxc6 Rxc6 15. c3 e5 16. Bxe5 Bxe5 17. dxe5 Qb6 18. Qd2 Re8 19. Rad1 Rce6 20.
b4 Qc7 21. Qe3 Rxe5 22. Rd4 Qe7 23. g3 Qf6 24. Red1 Bg4 25. Bxg4 hxg4 26. Rd5 Qf3 27. c4 b6 28. R1d4 Kg7 29.
Rxe5 Rxe5 30. Rd7 a5 31. Rd6 Qxe3 32. fxe3 axb4 33. axb4 Re6 34. Rxe6 fxe6 35. c5 bxc5 36. b5 c4 37. Kf2 1-0

[Event "21th Rochefort Chess Festival - Masters"]
[Site "Rochefort, France"]
[Date "2023.02.13"]
[Round "4.5"]
[White "Belgouzia, Emir"]
[Black "Sasikiran, Krishnan"]
[Result "0-1"]
[TimeControl "1h30 + [30'']"]
[WhiteElo "2172"]
[BlackElo "2619"]

1. e4 e5 2. Nf3 Nc6 3. Bb5 a6 4. Ba4 Nf6 5. Qe2 b5 6. Bb3 Bc5 7. O-O O-O 8. a4 b4 9. a5 d6 10.
d3 Be6 11. Bxe6 fxe6 12. Be3 Bxe3 13. fxe3 d5 14. Nbd2 Qd6 15. exd5 exd5 16. e4 Rae8 17. Nb3 h6 18. Nh4 dxe4 19.
dxe4 Nd4 20. Qc4+ Qe6 21. Qxe6+ Rxe6 22. Nxd4 exd4 23. e5 Nd5 24. Rxf8+ Kxf8 25. Nf3 c5 26. Kf2 Ne3 27. c3 Ng4+ 28.
Kg3 Nxe5 29. cxd4 Nd3 30. h3 c4 31. Ne5 Nxb2 32. Kf4 c3 33. Ke4 c2 34. d5 Rxe5+ 35. Kxe5 Nd3+ 36. Kd6 c1=Q 37.
Rxc1 Nxc1 38. Kc7 Nd3 0-1

[Event "21th Rochefort Chess Festival - Masters"]
[Site "Rochefort, France"]
[Date "2023.02.13"]
[Round "4.2"]
[White "Ilamparthi A R"]
[Black "Ghosh, Diptayan"]
[Result "0-1"]
[TimeControl "1h30 + [30'']"]
[WhiteElo "2385"]
[BlackElo "2553"]

1. e4 e5 2. Nf3 Nc6 3. Bb5 a6 4. Ba4 Nge7 5. c3 Ng6 6. O-O d6 7. d4 Bd7 8. Be3 Be7 9. Nbd2 O-O 10.
Re1 exd4 11. cxd4 Nb4 12. Bb3 d5 13. e5 Bf5 14. Nf1 Nd3 15. Re2 Ndf4 16. Re1 Bb4 17. Bd2 Bxd2 18. Qxd2 Be4 19.
Bd1 f6 20. Ng3 Bxf3 21. Bxf3 fxe5 22. dxe5 Nh4 23. Re3 Nxf3+ 24. Rxf3 Qg5 25. Qc3 c6 26. Re1 Rae8 27. e6 Rxe6 28.
Rxe6 Nxe6 29. Rxf8+ Kxf8 30. h3 Qf4 31. Qb3 Qf7 32. Ne2 Qd7 33. Nc1 Ke8 34. Qg3 Qc7 35. Qe3 Kd7 36. Nd3 Qd6 37.
b4 Kc7 38. a4 a5 39. bxa5 c5 40. Ne5 Kb8 41. Nf7 Qd7 42. Qe5+ Ka7 43. Nd6 Nc7 44. h4 Ka6 45. h5 c4 46.
Nf5 Kxa5 47. Nxg7 b5 48. axb5 Nxb5 49. Ne6 c3 50. Nf4 d4 51. Qe4 Qc8 52. Nd3 c2 53. Qxh7 c1=Q+ 54. Nxc1 Qxc1+ 55. Kh2 Qf4+ 56. Kh3 Nd6 57. h6 Nf7 58. g3 Ng5+ 59. Kh2 Qxf2+ 0-1

[Event "21th Rochefort Chess Festival - Masters"]
[Site "Rochefort, France"]
[Date "2023.02.13"]
[Round "4.1"]
[White "Harsha Bharathakoti"]
[Black "Eugene, Floryan"]
[Result "1-0"]
[TimeControl "1h30 + [30'']"]
[WhiteElo "2599"]
[BlackElo "2393"]

1. d4 d5 2. c4 e6 3. Nc3 Nf6 4. Nf3 dxc4 5. e4 b5 6. e5 Nd5 7. Nxb5 Nb6 8. Be2 Be7 9. Be3 Nc6 10.
a3 Bb7 11. Qc2 Qd7 12. Nc3 O-O-O 13. Rd1 f5 14. d5 Na5 15. dxe6 Qxe6 16. O-O Kb8 17. Nb5 Qg6 18. b4 Be4 19.
Qc3 Nd5 20. Bxa7+ Kb7 21. Rxd5 Rxd5 22. bxa5 Rxb5 23. Bxc4 c6 24. Bxb5 cxb5 25. Bb6 Rc8 26. Qe3 f4 27. Qxf4 Rf8 28.
Qg3 Bxa3 29. Ng5 Bc6 30. Qxa3 Qxg5 31. f3 Re8 32. Bd4 Qe7 33. a6+ Ka8 34. Qc3 Bd5 35. Qa5 Rb8 36. Rc1 Qh4 37.
Bf2 Qd8 38. Rc7 Bb7 39. axb7# 1-0

[Event "21th Rochefort Chess Festival - Masters"]
[Site "Rochefort, France"]
[Date "2023.02.13"]
[Round "4.3"]
[White "Lamaze, Simon"]
[Black "Ghazarian, Kirk"]
[Result "0-1"]
[TimeControl "1h30 + [30'']"]
[WhiteElo "2372"]
[BlackElo "2471"]

1. e4 c5 2. Nf3 Nc6 3. d4 cxd4 4. Nxd4 Nf6 5. Nc3 e5 6. Ndb5 d6 7. Nd5 Nxd5 8. exd5 Nb8 9. a4 Be7 10.
Bd2 O-O 11. Be2 Nd7 12. a5 a6 13. Na3 Nf6 14. Bb4 b5 15. c4 Bb7 16. cxb5 axb5 17. Nxb5 Nxd5 18. Bd2 Nf4 19. Bxf4 exf4 20.
O-O Rxa5 21. Rxa5 Qxa5 22. Nxd6 Bxg2 23. Kxg2 Rd8 24. Qb3 Bxd6 25. Qf3 Qg5+ 26. Kh1 Bc5 27. Bc4 g6 28. b3 Qe5 29.
Qb7 Be7 30. Qf3 Kg7 31. Qb7 Rd4 32. Qf3 Bc5 33. Kg2 Rd2 34. Kg1 Qd4 35. Bb5 h5 36. Bc4 Rc2 37. Qg2 f5 38. Qf3 Qe4 39.
Qd1 f3 40. Qd7+ Kh6 41. Qc7 Rxf2 42. Qxc5 Rg2+ 43. Kh1 Rxh2+ 0-1



[ePGN "0.1;DGT LiveChess/2.2.5"]

[Event "21th Rochefort Chess Festival - Masters"]
[Site "Rochefort, France"]
[Date "2023.02.14"]
[Round "5.1"]
[White "Ghosh, Diptayan"]
[Black "Harsha Bharathakoti"]
[Result "1-0"]
[TimeControl "1h30 + [30'']"]
[WhiteElo "2553"]
[BlackElo "2599"]

1. Nf3 d5 2. e3 Nf6 3. c4 e6 4. Nc3 b6 5. cxd5 exd5 6. g3 Bb7 7. Bg2 Nbd7 8. O-O a6 9. b3 Bd6 10.
Bb2 O-O 11. Rc1 Re8 12. Re1 Rc8 13. Re2 Qe7 14. d3 c5 15. d4 c4 16. bxc4 Rxc4 17. Nd2 Rcc8 18. e4 Bb4 19. e5 Bxc3 20.
Rxc3 Rxc3 21. Bxc3 Ne4 22. Nxe4 dxe4 23. d5 Qc5 24. Rc2 Qb5 25. Bxe4 Nxe5 26. Re2 f6 27. Bxe5 fxe5 28. Rc2 Qd7 29.
Qd3 Kh8 30. Rd2 h6 31. d6 Bxe4 32. Qxe4 b5 33. Rd5 Qe6 34. f4 Qg4 35. d7 Rd8 36. Qxe5 Qg6 37. f5 Qc6 38. Rd6 Qc1+ 39.
Kg2 Kh7 40. Qe4 Kh8 41. f6 1-0

[Event "21th Rochefort Chess Festival - Masters"]
[Site "Rochefort, France"]
[Date "2023.02.14"]
[Round "5.4"]
[White "Priyanka Nutakki"]
[Black "Nikolov, Momchil"]
[Result "0-1"]
[TimeControl "1h30 + [30'']"]
[WhiteElo "2302"]
[BlackElo "2480"]

1. d4 Nf6 2. c4 e6 3. Nf3 b6 4. g3 Bb7 5. Bg2 Be7 6. O-O O-O 7. d5 exd5 8. Nh4 c6 9. cxd5 Nxd5 10.
Nf5 Nc7 11. e4 d5 12. Nc3 Bf6 13. exd5 cxd5 14. Bf4 Nba6 15. Rc1 Bc8 16. Ne3 d4 17. Ncd5 dxe3 18. Bxc7 Nxc7 19. Nxf6+ Qxf6 20.
Rxc7 Ba6 21. fxe3 Rad8 22. Qc1 Bxf1 23. Bxf1 Qf3 0-1

[Event "21th Rochefort Chess Festival - Masters"]
[Site "Rochefort, France"]
[Date "2023.02.14"]
[Round "5.5"]
[White "Sorensen, Hampus"]
[Black "Hutois, Mickael"]
[Result "1-0"]
[TimeControl "1h30 + [30'']"]
[WhiteElo "2445"]
[BlackElo "2285"]

1. d4 Nf6 2. c4 e6 3. Nf3 b6 4. a3 Bb7 5. Bf4 d5 6. cxd5 Nxd5 7. Bg3 c5 8. e4 Nf6 9. Bb5+ Nbd7 10.
d5 exd5 11. exd5 Qe7+ 12. Kf1 Ne4 13. Nc3 Nxg3+ 14. hxg3 a6 15. Qd3 Qd6 16. Re1+ Kd8 17. Bxd7 Qxd7 18. Ne5 Qc7 19. d6 1-0

[Event "21th Rochefort Chess Festival - Masters"]
[Site "Rochefort, France"]
[Date "2023.02.14"]
[Round "5.3"]
[White "Larkin, Vladyslav"]
[Black "Sochacki, Christophe"]
[Result "1-0"]
[TimeControl "1h30 + [30'']"]
[WhiteElo "2441"]
[BlackElo "2444"]

1. c4 c6 2. Nf3 d5 3. e3 Nf6 4. Nc3 e6 5. b3 Nbd7 6. Bb2 Bd6 7. Qc2 O-O 8. Be2 Qe7 9. g4 Nxg4 10.
Rg1 f5 11. cxd5 cxd5 12. Nb5 Ndf6 13. Nxd6 Qxd6 14. h3 Nh6 15. Rc1 Kh8 16. Bd4 b6 17. Qb2 Qd8 18. Ng5 Bd7 19. Ba6 Nf7 20.
h4 h6 21. Nh3 Kh7 22. Nf4 Rg8 23. Ke2 Ne4 24. d3 Nc5 25. Bxc5 bxc5 26. Rxc5 Qxh4 27. Rcc1 e5 28. Nxd5 f4 29.
Rc7 Rad8 30. Bc4 Ng5 31. Kd1 Nf3 32. Rf1 Bh3 33. Rh1 Rgf8 34. Kc1 fxe3 35. fxe3 Qg3 36. Kb1 Ng1 37. Qc3 Rf1+ 38.
Kb2 Bg2 39. Rxg1 Rxg1 40. Nf6+ Kh8 41. Nd7 Re8 42. Be6 Bh3 43. Rc8 Qg6 44. Bxh3 Rh1 45. Rxe8+ Qxe8 46. Bf5 g6 47. Nxe5 1-0

[Event "21th Rochefort Chess Festival - Masters"]
[Site "Rochefort, France"]
[Date "2023.02.14"]
[Round "5.2"]
[White "Ghazarian, Kirk"]
[Black "Sasikiran, Krishnan"]
[Result "1/2-1/2"]
[TimeControl "1h30 + [30'']"]
[WhiteElo "2471"]
[BlackElo "2619"]

1. d4 Nf6 2. c4 e6 3. g3 Bb4+ 4. Bd2 Be7 5. Bg2 d5 6. Nf3 O-O 7. O-O c6 8. Qc2 Nbd7 9. Rd1 b6 10.
Bc3 Ne4 11. Ne5 Nxe5 12. Bxe4 Ng6 13. Bg2 f5 14. Nd2 a5 15. Rab1 Bd7 16. a4 Rc8 17. e3 b5 18. b3 b4 19.
Bb2 h5 20. f4 1/2-1/2



[ePGN "0.1;DGT LiveChess/2.2.5"]

[Event "21th Rochefort Chess Festival - Masters"]
[Site "Rochefort, France"]
[Date "2023.02.14"]
[Round "6.1"]
[White "Ghazarian, Kirk"]
[Black "Ghosh, Diptayan"]
[Result "1/2-1/2"]
[TimeControl "1h30 + [30'']"]
[WhiteElo "2471"]
[BlackElo "2553"]

1. d4 d5 2. c4 c6 3. Nf3 Nf6 4. Nc3 dxc4 5. a4 Bf5 6. Ne5 Nbd7 7. Nxc4 Nb6 8. Ne5 a5 9. h4 h6 10.
f3 e6 11. e4 Bh7 12. Be3 Nfd7 13. Nd3 Bd6 14. Bf2 Qc7 15. Bg1 1/2-1/2

[Event "21th Rochefort Chess Festival - Masters"]
[Site "Rochefort, France"]
[Date "2023.02.14"]
[Round "6.5"]
[White "Nikolov, Momchil"]
[Black "Ilamparthi A R"]
[Result "1/2-1/2"]
[TimeControl "1h30 + [30'']"]
[WhiteElo "2480"]
[BlackElo "2385"]

1. d4 Nf6 2. c4 g6 3. Nc3 Bg7 4. e4 d6 5. Nf3 O-O 6. Be2 Nbd7 7. O-O e5 8. Be3 Qe7 9. Qc2 c6 10.
Rad1 h6 11. dxe5 dxe5 12. h3 Nh5 13. Rfe1 Nf4 14. Bf1 Ne6 15. Qd2 Kh7 16. Qd6 Bf6 17. Qd2 Bg7 18. Qd6 Bf6 19. Qd2 Bg7 1/2-1/2

[Event "21th Rochefort Chess Festival - Masters"]
[Site "Rochefort, France"]
[Date "2023.02.14"]
[Round "6.4"]
[White "Harsha Bharathakoti"]
[Black "Girel, Joseph"]
[Result "1-0"]
[TimeControl "1h30 + [30'']"]
[WhiteElo "2599"]
[BlackElo "2387"]

1. d4 Nf6 2. c4 e6 3. Nf3 d5 4. Nc3 dxc4 5. e4 b5 6. e5 Nd5 7. Nxb5 Nb6 8. Be2 Be7 9. Be3 Nc6 10.
a3 Bb7 11. Qc2 Na5 12. Rd1 Qd7 13. Nc3 f5 14. exf6 gxf6 15. O-O O-O-O 16. Nd2 f5 17. Bf3 Rhg8 18. g3 Bd6 19. Bxb7+ Kxb7 20.
Nf3 Qc6 21. d5 exd5 22. Nd4 Qe8 23. Nxf5 c6 24. Ne4 Be7 25. Bc5 Bxc5 26. Nxc5+ Ka8 27. Rfe1 Qh5 28. Ne7 Rg4 29. Qc3 Rf8 30. Rd2 Nb7 31.
Ne6 d4 32. Nxc6 Rc8 33. Ncxd4 Rgg8 34. Nf4 Qh6 35. Nde6 Na4 36. Qe5 Nbc5 37. Rd6 Qh4 38. Qd5+ Kb8 39. Nxc5 Nxc5 40. Rc6 1-0

[Event "21th Rochefort Chess Festival - Masters"]
[Site "Rochefort, France"]
[Date "2023.02.14"]
[Round "6.3"]
[White "Sasikiran, Krishnan"]
[Black "Lucas, Arthur"]
[Result "1/2-1/2"]
[TimeControl "1h30 + [30'']"]
[WhiteElo "2619"]
[BlackElo "2415"]

1. d4 d5 2. c4 dxc4 3. Nf3 Nf6 4. e3 Bg4 5. Bxc4 e6 6. Nc3 Nc6 7. h3 Bh5 8. a3 Bd6 9. g4 Bg6 10.
Nh4 Be4 11. Nxe4 Nxe4 12. Nf3 h5 13. Bd3 Ng5 14. gxh5 Rxh5 15. Bd2 Qf6 16. Nxg5 Rxg5 17. Qe2 O-O-O 18. Be4 Rh8 19. f4 Rg3 20.
O-O-O g5 21. fxg5 Qxg5 22. h4 1/2-1/2



[ePGN "0.1;DGT LiveChess/2.2.5"]

[Event "21th Rochefort Chess Festival - Masters"]
[Site "Rochefort, France"]
[Date "2023.02.15"]
[Round "7.3"]
[White "Sorensen, Hampus"]
[Black "Harsha Bharathakoti"]
[Result "1/2-1/2"]
[TimeControl "1h30 + [30'']"]
[WhiteElo "2445"]
[BlackElo "2599"]

1. e4 c5 2. c3 d5 3. exd5 Qxd5 4. d4 Nc6 5. Nf3 Bf5 6. Be3 cxd4 7. Nxd4 Nf6 8. Nxf5 Qxf5 9.
Qb3 Qd7 10. Na3 e6 11. Rd1 Qc8 12. Be2 Nd5 13. Bc1 Bc5 14. Bf3 O-O 15. O-O Rd8 16. Nc2 Na5 17. Qb5 Nc4 18. Kh1 Ne5 19.
Bxd5 1/2-1/2